[Event "Live Chess"]
[Site "Chess.com"]
[Date "2023.05.20"]
[Round "-"]
[White "daveeeeR"]
[Black "alexlines8"]
[Result "1-0"]
[WhiteElo "1272"]
[BlackElo "1270"]
[TimeControl "300"]
[EndTime "9:06:27 PDT"]
[Termination "daveeeeR won by resignation"]

1. d4 Nf6 2. Bf4 d5 3. Nf3 c5 4. e3 Nc6 5. c3 Bf5 6. Nbd2 e6 7.
Qb3 b6 8. Bb5 Qd7 9. Qa4 Rc8 10.
Ne5 Qb7 11. Bxc6+ Rxc6 12. Nxc6 1-0

[Event "Live Chess"]
[Site "Chess.com"]
[Date "2023.05.20"]
[Round "-"]
[White "OSmith06"]
[Black "AwesomeFredster"]
[Result "1-0"]
[WhiteElo "1718"]
[BlackElo "1654"]
[TimeControl "300"]
[EndTime "9:07:03 PDT"]
[Termination "OSmith06 won by resignation"]

1. e4 e5 2. Nf3 Nc6 3. d4 exd4 4. Nxd4 Nxd4 5. Qxd4 d6 6. Nc3 Be6 7. Bf4 c5 8. Qd3 g6 9. O-O-O Bg7 10. Bxd6 Nf6 11.
Bxc5 Qxd3 12. Bxd3 O-O-O 13. Bxa7 1-0

[Event "Live Chess"]
[Site "Chess.com"]
[Date "2023.05.20"]
[Round "-"]
[White "NAZRIZ1977"]
[Black "McSlash1"]
[Result "1-0"]
[WhiteElo "2117"]
[BlackElo "2079"]
[TimeControl "300"]
[EndTime "9:07:38 PDT"]
[Termination "NAZRIZ1977 won by resignation"]

1. c4 e5 2. g3 Nc6 3. Bg2 Nf6 4. Nc3 Bc5 5. a3 a6 6. e3 O-O 7. Nge2 d6 8. O-O Ba7 9. b3 Ne7 10. h3 Ng6 11. Kh2 h6 12. d4 exd4 13. Nxd4 Rb8 14.
Bb2 Bd7 15. Nd5 Nxd5 16. cxd5 f5 17. Rc1 f4 18. exf4 Qf6 19. Qd2 Qf7 20. Rxc7 Bb6 21. Rcc1 Ne7 22. Ne6 Bxe6 23. dxe6 Qxe6 24. Rfe1 Qg6 25.
Rxe7 Rbe8 26. Rxg7+ 1-0

[Event "Live Chess"]
[Site "Chess.com"]
[Date "2023.05.20"]
[Round "-"]
[White "IanCalvert2"]
[Black "Duke_of_Bebington"]
[Result "1-0"]
[WhiteElo "1640"]
[BlackElo "1562"]
[TimeControl "300"]
[EndTime "9:07:48 PDT"]
[Termination "IanCalvert2 won by resignation"]

1. b3 e5 2. Bb2 Nc6 3. e3 d5 4.
Bb5 Bd6 5. f4 f6 6. Qh5+ Kf8 7.
Bxc6 bxc6 8. fxe5 fxe5 9. Bxe5 Bxe5 10. Qxe5 Qh4+ 11. g3 Qe4 12. Qxe4 dxe4 13. Nc3 Bf5 14. Nge2 Ke7 15. O-O Rf8 16. Nd4 1-0

[Event "Live Chess"]
[Site "Chess.com"]
[Date "2023.05.20"]
[Round "-"]
[White "SaraTang"]
[Black "defenderalist"]
[Result "0-1"]
[WhiteElo "170"]
[BlackElo "1598"]
[TimeControl "300"]
[EndTime "9:08:01 PDT"]
[Termination "defenderalist won by checkmate"]

1. e4 e6 2. Bc4 d5 3. Bb3 Nf6 4. Nf3 dxe4 5. Ne5 Nbd7 6. Nxd7 Bxd7 7. O-O Be7 8. d4 exd3 9. cxd3 O-O 10. Bxe6 Bxe6 11.
Nc3 Nd5 12. Nxd5 Bxd5 13. Qb3 Bxb3 14. axb3 Qxd3 15. Bf4 Bd6 16. Bxd6 cxd6 17. Rfd1 Qxb3 18. Rab1 d5 19. Rd2 Rac8 20. Rbd1 Rfd8 21. Kf1 h6 22.
Rxd5 Rxd5 23. Rxd5 Qxd5 24. b4 Qd3+ 25. Ke1 Rc1# 0-1

[Event "Live Chess"]
[Site "Chess.com"]
[Date "2023.05.20"]
[Round "-"]
[White "KirbyHasARevenge"]
[Black "domrobson"]
[Result "1-0"]
[WhiteElo "1740"]
[BlackElo "1722"]
[TimeControl "300"]
[EndTime "9:08:06 PDT"]
[Termination "KirbyHasARevenge won by resignation"]

1. e4 e5 2. Nf3 Nc6 3. c3 d5 4.
Qa4 f6 5. d3 dxe4 6. dxe4 Bc5 7. Bc4 Ne7 8. O-O Ng6 9. b4 Bb6 10. Rd1 Qe7 11. Ba3 Bd7 12. b5 1-0

[Event "Live Chess"]
[Site "Chess.com"]
[Date "2023.05.20"]
[Round "-"]
[White "Ian-Morley"]
[Black "MJMykh"]
[Result "1-0"]
[WhiteElo "1042"]
[BlackElo "951"]
[TimeControl "300"]
[EndTime "9:08:06 PDT"]
[Termination "Ian-Morley won by checkmate"]

1. e4 e5 2. Nf3 Nc6 3. Bc4 Bc5 4. c3 h6 5. O-O Nf6 6. d3 O-O 7. Re1 d6 8. Nbd2 Bg4 9. Nf1 Bxf3 10. Qxf3 a6 11. Ng3 b5 12. Bb3 Na5 13. Be3 Bxe3 14. Rxe3 Nxb3 15. axb3 Qe7 16. Nf5 Qe6 17. h4 Qxb3 18.
Ne7+ Kh7 19. Qf5+ g6 20. Qxf6 Qxb2 21. Rae1 Qxc3 22. g4 b4 23. h5 gxh5 24. Nf5 Rg8 25. Qxh6# 1-0

[Event "Live Chess"]
[Site "Chess.com"]
[Date "2023.05.20"]
[Round "-"]
[White "KING_BOBBB"]
[Black "guptarayan"]
[Result "0-1"]
[WhiteElo "522"]
[BlackElo "541"]
[TimeControl "300"]
[EndTime "9:08:11 PDT"]
[Termination "guptarayan won by resignation"]

1. e4 e5 2. Nc3 f5 3. Bc4 fxe4 4.
d3 exd3 5. cxd3 c6 6. a4 d5 7. Bb3 d4 8. Ne4 Bb4+ 9. Bd2 Bxd2+ 10. Qxd2 Nd7 11. Nd6+ Kf8 12. Qb4 a5 13. Nxb7+ Qe7 14. Qxe7+ Kxe7 0-1

[Event "Live Chess"]
[Site "Chess.com"]
[Date "2023.05.20"]
[Round "-"]
[White "NatashaRegan"]
[Black "LaupMiths"]
[Result "1-0"]
[WhiteElo "1875"]
[BlackElo "1809"]
[TimeControl "300"]
[EndTime "9:08:12 PDT"]
[Termination "NatashaRegan won by checkmate"]

1. e4 c5 2. d4 cxd4 3. c3 d3 4. c4 Nc6 5. Nc3 d6 6. Bxd3 Nf6 7. Be3 g6 8. f4 Bg7 9. h3 O-O 10. Nf3 b6 11. O-O Bb7 12. Rc1 a6 13. b3 Rb8 14.
Nd5 Nxd5 15. cxd5 Na7 16. Nd4 Rc8 17. Rxc8 Qxc8 18. Qe2 Qd7 19. Bxa6 Rc8 20. Bxb7 Qxb7 21. Kh1 Rc5 22. f5 Qd7 23. Qf3 Bxd4 24. Bxd4 Rc2 25.
fxg6 fxg6 26. Qf7# 1-0

[Event "Live Chess"]
[Site "Chess.com"]
[Date "2023.05.20"]
[Round "-"]
[White "MartinWalker4"]
[Black "Jio85"]
[Result "1-0"]
[WhiteElo "2121"]
[BlackElo "2045"]
[TimeControl "300"]
[EndTime "9:08:21 PDT"]
[Termination "MartinWalker4 won by resignation"]

1. e4 Nf6 2. e5 Nd5 3. c4 Nb6 4. d4 d6 5. f4 dxe5 6. fxe5 c5 7. d5 e6 8. Nc3 g6 9. Nf3 Bg7 10. Be2 O-O 11. O-O N8d7 12. Bf4 Re8 13. dxe6 Rxe6 14. Ng5 Re8 15. Nxf7 Qe7 16. Nd6 Rf8 17. Nd5 Nxd5 18. Qxd5+ Kh8 19. Bg5 Qxg5 20. Rxf8+ 1-0

[Event "Live Chess"]
[Site "Chess.com"]
[Date "2023.05.20"]
[Round "-"]
[White "SavagePawn7"]
[Black "martinsmartin63"]
[Result "1-0"]
[WhiteElo "789"]
[BlackElo "760"]
[TimeControl "300"]
[EndTime "9:08:22 PDT"]
[Termination "SavagePawn7 won by resignation"]

1. e4 e5 2. d4 f6 3. dxe5 fxe5 4. Qh5+ g6 5. Qxe5+ Be7 6. Qxh8 Bb4+ 7. c3 Bc5 8.
Be3 Bxe3 9. Qxg8+ Ke7 10. Qxd8+ Kxd8 11. fxe3 d6 12. Nd2 Be6 13. O-O-O Nc6 14. Ngf3 Kd7 15. Ng5 Bg4 16. Re1 h6 17. h3 Be6 18. Nxe6 Kxe6 19. Nf3 1-0

[Event "Live Chess"]
[Site "Chess.com"]
[Date "2023.05.20"]
[Round "-"]
[White "TKDRyan"]
[Black "MizYanKo"]
[Result "1-0"]
[WhiteElo "1163"]
[BlackElo "446"]
[TimeControl "300"]
[EndTime "9:08:33 PDT"]
[Termination "TKDRyan won by checkmate"]

1. e4 e5 2. Nf3 d5 3. exd5 c6 4. Nc3 Bc5 5. Nxe5 Qf6 6. d4 Qxf2+ 7. Kxf2 Bxd4+ 8. Qxd4 Ne7 9. d6 O-O 10. dxe7 Re8 11.
Bc4 Nd7 12. Nxd7 Rxe7 13. Nf6+ Kh8 14. Qd8+ Re8 15. Qxe8# 1-0

[Event "Live Chess"]
[Site "Chess.com"]
[Date "2023.05.20"]
[Round "-"]
[White "Brooms1989"]
[Black "jk0110"]
[Result "1-0"]
[WhiteElo "928"]
[BlackElo "1066"]
[TimeControl "300"]
[EndTime "9:08:46 PDT"]
[Termination "Brooms1989 won by checkmate"]

1. e4 e5 2. Nc3 Nf6 3. f4 d5 4.
fxe5 Nxe4 5. Nxe4 dxe4 6. Bc4 Nc6 7. d4 exd3 8. Qf3 Nxe5 9. Qe4 Bd6 10. Bxd3 O-O 11. Qxh7# 1-0

[Event "Live Chess"]
[Site "Chess.com"]
[Date "2023.05.20"]
[Round "-"]
[White "BJAW87"]
[Black "daveeeeR"]
[Result "1-0"]
[WhiteElo "1472"]
[BlackElo "1268"]
[TimeControl "300"]
[EndTime "9:08:50 PDT"]
[Termination "BJAW87 won by checkmate"]

1. e4 c5 2. Nf3 Nc6 3. Bb5 Nd4 4. Nxd4 cxd4 5. O-O e5 6. d3 Nf6 7. f4 Be7 8. fxe5 Ng8 9. Qg4 g6 10. e6 fxe6 11.
Qxe6 Nf6 12. Bg5 Rf8 13. Bxf6 Rxf6 14. Rxf6 a6 15. Qg8+ Bf8 16. Qxf8# 1-0

[Event "Live Chess"]
[Site "Chess.com"]
[Date "2023.05.20"]
[Round "-"]
[White "Outspanner"]
[Black "TheKingKeir"]
[Result "1-0"]
[WhiteElo "1577"]
[BlackElo "1513"]
[TimeControl "300"]
[EndTime "9:09:01 PDT"]
[Termination "Outspanner won by resignation"]

1. d4 Nf6 2. Bg5 Ne4 3. h4 h6 4.
Bf4 d5 5. Nd2 Bf5 6. Nxe4 Bxe4 7. f3 Bh7 8. e3 e6 9. Bd3 Be7 10.
Bxh7 Bxh4+ 11. g3 Bg5 12. Bd3 Nd7 13. Ne2 c5 14. dxc5 Nxc5 15. Bb5+ Kf8 16. Qd2 a6 17. Bd3 Qf6 18. Qc3 Qe7 19. Bxg5 1-0

[Event "Live Chess"]
[Site "Chess.com"]
[Date "2023.05.20"]
[Round "-"]
[White "SirEntrails"]
[Black "amazinggoalkeeper"]
[Result "0-1"]
[WhiteElo "504"]
[BlackElo "488"]
[TimeControl "300"]
[EndTime "9:09:22 PDT"]
[Termination "amazinggoalkeeper won by checkmate"]

1. e4 e5 2. Nf3 Nc6 3. Bc4 Nd4 4. Nxd4 exd4 5. O-O c5 6. c3 dxc3 7. dxc3 b6 8. Qf3 f6 9. Qh5+ g6 10. Qf3 Bd6 11.
Be3 Qe7 12. Nd2 Qe5 13. g3 f5 14. exf5 gxf5 15. Bxg8 Rxg8 16. Nc4 Qe4 17. Qxe4+ fxe4 18. Nxd6+ Ke7 19. Nxc8+ Raxc8 20. Rfe1 d5 21. b3 h5 22. Bf4 h4 23. c4 hxg3 24. fxg3 d4 25. Rxe4+ Kd7 26.
Rae1 Rge8 27. Rxe8 Rxe8 28. Rxe8 Kxe8 29. Bb8 Kf7 30.
Bxa7 Kg6 31. Bxb6 d3 32. Bxc5 d2 33. a4 d1=Q+ 34. Kg2 Qc2+ 35. Kf3 Qxb3+ 36. Kg2 Qc2+ 37. Kf3 Qxc4 38. Be3 Qxa4 39. h4 Qc6+ 40. Kg4 Qe4+ 41. Kh3 Kh5 42. Bg5 Qh1# 0-1

[Event "Live Chess"]
[Site "Chess.com"]
[Date "2023.05.20"]
[Round "-"]
[White "Krishtwist2013gmailc"]
[Black "jagbama"]
[Result "0-1"]
[WhiteElo "967"]
[BlackElo "1129"]
[TimeControl "300"]
[EndTime "9:09:29 PDT"]
[Termination "jagbama won by checkmate"]

1. e4 e5 2. Nf3 Nc6 3. c3 Nf6 4.
d4 exd4 5. Nxd4 Nxd4 6. Qxd4 c5 7. Qc4 d5 8. Qe2 dxe4 9. Be3 Be7 10. f3 O-O 11. Nd2 exf3 12. gxf3 b6 13. O-O-O a5 14.
Ne4 Qc7 15. Nxf6+ Bxf6 16. Rd3 Bf5 17. Rd2 Rfe8 18. Qf2 h6 19. Bb5 Rxe3 20. Qxe3 Bg5 21. Qe2 Bxd2+ 22. Qxd2 Rd8 23. Qe2 Qf4+ 24. Qd2 Qxd2# 0-1

[Event "Live Chess"]
[Site "Chess.com"]
[Date "2023.05.20"]
[Round "-"]
[White "thrithik"]
[Black "chrisbradgate"]
[Result "0-1"]
[WhiteElo "635"]
[BlackElo "828"]
[TimeControl "300"]
[EndTime "9:09:30 PDT"]
[Termination "chrisbradgate won by checkmate"]

1. a4 e5 2. g3 Nc6 3. f4 Bd6 4. Bg2 exf4 5. gxf4 Nf6 6. d3 O-O 7. Qd2 Bb4 8. Kd1 Bxd2 9. Bxd2 Nd4 10. c3 Nf5 11. d4 c6 12. Na3 d5 13. Nc2 Re8 14.
Nb4 Ne3+ 15. Bxe3 Rxe3 16. Ke1 Qe8 17. Bxd5 Nxd5 18. Nxd5 cxd5 19. b4 Bg4 20. b5 Bxe2 21. Nxe2 Rxe2+ 22. Kd1 Re3 23. a5 Qe7 24. a6 b6 25. Ra4 Re8 26. c4 Re1+ 27. Rxe1 Qxe1+ 28. Kc2 Qe2+ 29. Kb3 Re3+ 30. Kb4 Qb2# 0-1

[Event "Live Chess"]
[Site "Chess.com"]
[Date "2023.05.20"]
[Round "-"]
[White "grillage"]
[Black "CroasArRheun"]
[Result "0-1"]
[WhiteElo "1832"]
[BlackElo "1839"]
[TimeControl "300"]
[EndTime "9:09:34 PDT"]
[Termination "CroasArRheun won by resignation"]

1. d4 d5 2. Nf3 Nf6 3. c4 e6 4.
cxd5 exd5 5. Nc3 c6 6. Qc2 Nbd7 7. Bg5 Be7 8. e3 O-O 9. Bd3 h6 10. Bf4 Nb6 11. O-O Bd6 12. Bxd6 Qxd6 13. Rab1 Bg4 14.
Ne5 Be6 15. b4 Nbd7 16. Na4 Nxe5 17. dxe5 Qxe5 18. Nc5 Ng4 19. g3 Qh5 20. h4 g5 21.
Bf5 gxh4 22. Nxe6 hxg3 23. Bh7+ Kh8 24. fxg3 fxe6 25. Bg6 Qh3 26. Qb2+ e5 27. Qg2 Qxg2+ 28. Kxg2 Nxe3+ 29. Kg1 Nxf1 30. Rxf1 Rxf1+ 31. Kxf1 Kg7 32. Bf5 Rf8 33. g4 h5 0-1

[Event "Live Chess"]
[Site "Chess.com"]
[Date "2023.05.20"]
[Round "-"]
[White "seuen"]
[Black "ZackirtyChess"]
[Result "0-1"]
[WhiteElo "1134"]
[BlackElo "1144"]
[TimeControl "300"]
[EndTime "9:09:49 PDT"]
[Termination "ZackirtyChess won by checkmate"]

1. e4 e5 2. Nf3 Nf6 3. Nxe5 Nxe4 4. Nf3 Nc6 5. Nc3 Nxc3 6. dxc3 Bc5 7. Bb5 O-O 8. O-O Re8 9. Bg5 f6 10. Bc4+ Kh8 11.
Bh4 d6 12. b4 Bb6 13. a4 a5 14. b5 Ne5 15. Nxe5 dxe5 16. Qf3 Be6 17. Bxe6 Rxe6 18. Qxb7 Rb8 19. Qf3 Qd2 20. Rac1 e4 21.
Qf4 Qxf4 22. g3 Qh6 23. Rcd1 Ree8 24. Rd7 Red8 25. Rf7 Qg6 26. Re7 Re8 27. Rd7 Rbd8 28. Rfd1 Rxd7 29. Rxd7 Qf5 30. Rd1 Qxf2+ 31. Kh1 Qf3# 0-1

[Event "Live Chess"]
[Site "Chess.com"]
[Date "2023.05.20"]
[Round "-"]
[White "Supertromp"]
[Black "FlyingChessKestrel13"]
[Result "0-1"]
[WhiteElo "2160"]
[BlackElo "2150"]
[TimeControl "300"]
[EndTime "9:09:52 PDT"]
[Termination "FlyingChessKestrel13 won by resignation"]

1. e4 Nc6 2. Nf3 e5 3. Bc4 Bc5 4. c3 Nf6 5. d4 exd4 6. b4 Bb6 7. e5 d5 8. exf6 dxc4 9. Qe2+ Be6 10. b5 d3 11. Qe4 O-O 12. bxc6 Re8 13. O-O bxc6 14.
Ng5 g6 15. Nxh7 Kxh7 16. Qh4+ Kg8 17. Bh6 Qd5 18. g4 Qf3 19. h3 Bd5 0-1

[Event "Live Chess"]
[Site "Chess.com"]
[Date "2023.05.20"]
[Round "-"]
[White "Chris_pea"]
[Black "PureMellowPlan"]
[Result "0-1"]
[WhiteElo "615"]
[BlackElo "597"]
[TimeControl "300"]
[EndTime "9:09:53 PDT"]
[Termination "PureMellowPlan won by checkmate"]

1. e4 e5 2. Nc3 Nf6 3. f4 d6 4.
Nf3 Nc6 5. Bb5 Bd7 6. d3 a6 7. Bxc6 Bxc6 8. O-O d5 9. fxe5 Nd7 10. Bg5 f6 11. Bh4 Be7 12. exf6 Bxf6 13. Bxf6 Nxf6 14. Qe2 dxe4 15. Nxe4 O-O 16. Nxf6+ Qxf6 17. Nd2 Qxb2 18. Rab1 Qxc2 19. Rxf8+ Rxf8 20. Qe6+ Kh8 21. Qe7 Rg8 22.
Rf1 h6 23. Nb3 Qxg2# 0-1

[Event "Live Chess"]
[Site "Chess.com"]
[Date "2023.05.20"]
[Round "-"]
[White "WilliamofOrange16th"]
[Black "Hacker_2009"]
[Result "1-0"]
[WhiteElo "1932"]
[BlackElo "1932"]
[TimeControl "300"]
[EndTime "9:09:59 PDT"]
[Termination "WilliamofOrange16th won by resignation"]

1. b3 Nf6 2. Bb2 e6 3. e3 d5 4. c4 c6 5. d4 Bd6 6. Nc3 O-O 7. Bd3 b6 8. Nge2 Bb7 9. e4 dxe4 10. Nxe4 Nxe4 11.
Bxe4 Qc7 12. Qc2 h6 13. g3 c5 14. O-O-O Bxe4 15. Qxe4 Na6 16. d5 exd5 17. Qxd5 Rad8 18.
Qf5 Rfe8 19. Rhe1 Be5 20. Bxe5 Rxd1+ 21. Rxd1 Qxe5 22. Qxe5 Rxe5 23. Rd8+ Kh7 24. Nf4 Nb4 25. Rd7 Re1+ 26. Kb2 Rf1 27. Rd2 Nc6 28. a3 Nd4 29. h4 g5 30. hxg5 hxg5 31. Nd5 Kg6 32. Ne3 f5 33. Nxf1 1-0

[Event "Live Chess"]
[Site "Chess.com"]
[Date "2023.05.20"]
[Round "-"]
[White "Bob2pen"]
[Black "DRS44"]
[Result "1-0"]
[WhiteElo "1597"]
[BlackElo "1435"]
[TimeControl "300"]
[EndTime "9:10:03 PDT"]
[Termination "Bob2pen won by resignation"]

1. c4 e5 2. g3 Nf6 3. Bg2 c6 4. e3 Bc5 5. Nc3 O-O 6. Nge2 d5 7. cxd5 cxd5 8. d4 exd4 9. Nxd4 Nc6 10. Nce2 Bg4 11.
O-O Ne4 12. Qc2 Bxe2 13. Nxe2 Nb4 14. Qb3 Nc2 15. Qxc2 f5 16. Bxe4 fxe4 17. Qxc5 1-0

[Event "Live Chess"]
[Site "Chess.com"]
[Date "2023.05.20"]
[Round "-"]
[White "xx_blindpuffin_xx"]
[Black "akp42"]
[Result "1-0"]
[WhiteElo "2202"]
[BlackElo "1981"]
[TimeControl "300"]
[EndTime "9:10:07 PDT"]
[Termination "xx_blindpuffin_xx won by resignation"]

1. d4 Nf6 2. Bf4 d5 3. e3 e6 4. Nf3 Bd6 5. Bg3 c5 6. c3 Qc7 7. Bd3 Nbd7 8. Nbd2 O-O 9. Bxd6 Qxd6 10. O-O h6 11. Rc1 e5 12. dxe5 Nxe5 13. Nxe5 Qxe5 14. Qf3 Bg4 15. Qf4 Qxf4 16. exf4 Rfe8 17. f3 Bd7 18.
Rfe1 Bc6 19. b4 b6 20. Bb1 Kf8 21. Nb3 Nh5 22. g3 d4 23. cxd4 Bxf3 24. dxc5 bxc5 25.
Nxc5 Rab8 26. Nd7+ Kg8 27. Nxb8 Rxb8 28. a3 Nf6 29.
Rc7 a5 30. bxa5 Ra8 31. Kf2 Bg4 32. Rb7 Rxa5 33. Rb8+ 1-0

[Event "Live Chess"]
[Site "Chess.com"]
[Date "2023.05.20"]
[Round "-"]
[White "Ferrarifan27"]
[Black "Balu13"]
[Result "1-0"]
[WhiteElo "2175"]
[BlackElo "816"]
[TimeControl "300"]
[EndTime "9:10:16 PDT"]
[Termination "Ferrarifan27 won by resignation"]

1. e4 d5 2. exd5 Qxd5 3. Nc3 Qa5 4. Nf3 Nf6 5. d4 Bg4 6. Bd2 Nc6 7. Be2 O-O-O 8. Nb5 Qb6 9. a4 e6 10. a5 Nxa5 11. Bxa5 Bb4+ 12. Bxb4 Bxf3 13. Bxf3 Rxd4 14. Qxd4 Qxb5 15. Rxa7 Nd7 16. Rxb7 Qa5 17. Bxa5 1-0

[Event "Live Chess"]
[Site "Chess.com"]
[Date "2023.05.20"]
[Round "-"]
[White "vinni3012"]
[Black "lucaskk818"]
[Result "1-0"]
[WhiteElo "1867"]
[BlackElo "1866"]
[TimeControl "300"]
[EndTime "9:10:17 PDT"]
[Termination "vinni3012 won by resignation"]

1. d4 d5 2. c4 e6 3. Nc3 a6 4. cxd5 exd5 5. Nf3 c6 6. Bf4 Bd6 7. Bxd6 Qxd6 8. e4 dxe4 9. Nxe4 Qe7 10. Qe2 Be6 11.
Nc5 b6 12. Nxe6 Qxe6 13. Qxe6+ fxe6 14. Bc4 h6 15. Bxe6 Nd7 16. Rc1 Rc8 17. Ne5 Ngf6 18. Rxc6 Ke7 19. Ng6+ 1-0

[Event "Live Chess"]
[Site "Chess.com"]
[Date "2023.05.20"]
[Round "-"]
[White "Enhard"]
[Black "MaximKhimchenko"]
[Result "1-0"]
[WhiteElo "1385"]
[BlackElo "1365"]
[TimeControl "300"]
[EndTime "9:10:18 PDT"]
[Termination "Enhard won by checkmate"]

1. d4 e5 2. dxe5 Nc6 3. Nf3 Qe7 4. Nc3 Nxe5 5. Nxe5 Qxe5 6. Bd2 Bc5 7. e3 Nf6 8. Be2 d5 9. Bf3 O-O 10. O-O Be6 11.
Re1 Ne4 12. Nxe4 dxe4 13. Bg4 Bxg4 14. Qxg4 Rad8 15. Bc3 Bd4 16. Bxd4 Rxd4 17. exd4 Qxd4 18. Qxe4 Qxb2 19. Rab1 Qxa2 20. Qxb7 Qxc2 21. Qxa7 h6 22. Rbc1 Qg6 23. Qxc7 Kh7 24. Qc2 f5 25. h3 Kh8 26.
Qc5 Rf6 27. Qd5 Kh7 28. Rc8 Rf7 29. Qd8 Qh5 30. Qg8+ Kg6 31. Rc6+ Kg5 32. Qd8+ Rf6 33. Rxf6 gxf6 34. Qg8+ Kh4 35. Qg3# 1-0

[Event "Live Chess"]
[Site "Chess.com"]
[Date "2023.05.20"]
[Round "-"]
[White "Jio85"]
[Black "NAZRIZ1977"]
[Result "0-1"]
[WhiteElo "2039"]
[BlackElo "2139"]
[TimeControl "300"]
[EndTime "9:10:21 PDT"]
[Termination "NAZRIZ1977 won by resignation"]

1. e4 c5 2. Nf3 d6 3. d4 cxd4 4.
Nxd4 Nf6 5. Nc3 g6 6. Be3 Bg7 7. f3 O-O 8. Qd2 Nc6 9. O-O-O Bd7 10. h4 Rc8 11. Kb1 Ne5 12. Bh6 Bxh6 13. Qxh6 Rxc3 14. bxc3 Qa5 15. h5 Qxc3 16. hxg6 fxg6 17. Nb3 a5 18. Rh3 Bxh3 19. Qxh3 a4 0-1

[Event "Live Chess"]
[Site "Chess.com"]
[Date "2023.05.20"]
[Round "-"]
[White "JohanKjeldahl"]
[Black "Ayush_prahlad_Gupta"]
[Result "0-1"]
[WhiteElo "1785"]
[BlackElo "1801"]
[TimeControl "300"]
[EndTime "9:10:46 PDT"]
[Termination "Ayush_prahlad_Gupta won by checkmate"]

1. c4 e5 2. Nc3 Nc6 3. Nf3 Bc5 4. e3 d6 5. Qc2 Nf6 6. a3 a5 7. Be2 h6 8. b3 Bg4 9. Bb2 O-O 10. Nd5 Nxd5 11. cxd5 Ne7 12. e4 c6 13. dxc6 Nxc6 14. h3 Bxf3 15. Bxf3 Nd4 16. Bxd4 Bxd4 17. Rc1 Qh4 18. O-O Qf4 19. Qd3 f5 20. exf5 Rxf5 21. Qe4 Qg5 22. Qxb7 Raf8 23. Qd5+ Kh8 24. Kh1 Qh4 25.
Kh2 Bxf2 26. Rc4 Qg3+ 27. Kh1 Rxf3 28. Rxf2 Rxf2 29. Rg4 Rf1# 0-1

[Event "Live Chess"]
[Site "Chess.com"]
[Date "2023.05.20"]
[Round "-"]
[White "ossie57"]
[Black "jennybobby44"]
[Result "1-0"]
[WhiteElo "1875"]
[BlackElo "1829"]
[TimeControl "300"]
[EndTime "9:10:54 PDT"]
[Termination "ossie57 won by resignation"]

1. d4 Nf6 2. Nc3 d5 3. Bf4 a6 4. e3 c5 5. Nf3 Nc6 6. Ne5 e6 7. g4 h6 8. h4 Nxe5 9. Bxe5 Bd6 10. f4 Bxe5 11. dxe5 Nd7 12. Bg2 b5 13. g5 hxg5 14.
hxg5 Rxh1+ 15. Bxh1 Bb7 16. Qh5 Nf8 17. O-O-O b4 18. Ne4 dxe4 19. Rxd8+ Rxd8 20. Qe2 Nd7 21. Qc4 Rc8 22. Bxe4 Bxe4 23. Qxe4 g6 24. Qb7 Kd8 25. Qxa6 c4 26. Qa5+ Ke8 27. Qxb4 1-0

[Event "Live Chess"]
[Site "Chess.com"]
[Date "2023.05.20"]
[Round "-"]
[White "MrDodgy"]
[Black "Duke_of_Bebington"]
[Result "1-0"]
[WhiteElo "2322"]
[BlackElo "1562"]
[TimeControl "300"]
[EndTime "9:11:13 PDT"]
[Termination "MrDodgy won by resignation"]

1. e4 e5 2. Nf3 Nf6 3. d4 Nxe4 4.
dxe5 d5 5. exd6 Nxd6 6. Bd3 Be7 7. Nc3 Be6 8. Qe2 a6 9. Bf4 Nc6 10. O-O-O O-O 11. h4 Bg4 12. Bxh7+ Kxh7 13. Ng5+ Kg8 14. Qxg4 Re8 15. Qh5 Bxg5 16. hxg5 Kf8 17. Nd5 f6 18. g6 1-0

[Event "Live Chess"]
[Site "Chess.com"]
[Date "2023.05.20"]
[Round "-"]
[White "apl_trainer"]
[Black "wot-not"]
[Result "1-0"]
[WhiteElo "1489"]
[BlackElo "1452"]
[TimeControl "300"]
[EndTime "9:11:18 PDT"]
[Termination "apl_trainer won by resignation"]

1. d4 Nf6 2. c4 c5 3. d5 d6 4.
Nc3 e5 5. e4 Be7 6. Nf3 Nbd7 7.
h3 Nf8 8. Bd3 Ng6 9. g3 O-O 10.
h4 Re8 11. h5 Nf8 12. Nh4 h6 13. Be2 N6h7 14. Be3 Bg5 15. Qd2 Bxe3 16. Qxe3 Qg5 17.
Qxg5 Nxg5 18. f3 a6 19. Kf2 Bd7 20. a4 Rab8 21. Bd3 Bc8 22. Rhb1 Nd7 23. Nf5 g6 24. Nxd6 Rf8 25. Rh1 Nb6 26. f4 exf4 27. gxf4 Nh3+ 28. Kg3 gxh5 29. Nxc8 Rbxc8 30. Rxh3 Kh7 31. Rxh5 Rg8+ 32.
Kf3 Rg7 33. e5+ Kg8 34. Rxh6 Kf8 35. Rxb6 1-0

[Event "Live Chess"]
[Site "Chess.com"]
[Date "2023.05.20"]
[Round "-"]
[White "Ian-Morley"]
[Black "KING_BOBBB"]
[Result "1-0"]
[WhiteElo "1045"]
[BlackElo "521"]
[TimeControl "300"]
[EndTime "9:11:30 PDT"]
[Termination "Ian-Morley won by checkmate"]

1. e4 d5 2. exd5 Qxd5 3. Nc3 Qa5 4. Qe2 c6 5. d4 Bf5 6. Bd2 e6 7. Ne4 Qb6 8. c3 Qxb2 9. Qd1 Bxe4 10.
Rb1 Qxa2 11. Rxb7 Bc2 12. Qc1 Ba3 13. Bc4 Qxc4 14. Qxa3 Nf6 15. Qe7# 1-0

[Event "Live Chess"]
[Site "Chess.com"]
[Date "2023.05.20"]
[Round "-"]
[White "risinghelios"]
[Black "Olisingapore"]
[Result "1/2-1/2"]
[WhiteElo "1943"]
[BlackElo "1955"]
[TimeControl "300"]
[EndTime "9:11:32 PDT"]
[Termination "Game drawn by agreement"]

1. e4 c5 2. c3 Nf6 3. e5 Nd5 4. d4 cxd4 5. cxd4 Nc6 6. Nf3 d6 7. exd6 Qxd6 8. Bc4 Nb6 9. Bb3 Bg4 10. O-O Na5 11. Bxf7+ Kxf7 12. Ng5+ Kg8 13. Qxg4 Nc6 14. Bf4 Qg6 15. h4 Nxd4 16. h5 Qf5 17. Qxf5 Nxf5 18. Nc3 g6 19. hxg6 hxg6 20. Rad1 Bg7 21. Rfe1 Bf6 22.
Nce4 Bxb2 23. Nc5 Rh4 24. g3 Rh8 25. Nd7 Nxd7 26. Rxd7 Bf6 27. Rxb7 Nd4 28. Kg2 Rh5 29. Ne6 Nxe6 30. Rxe6 Ra5 31. Rc7 Rxa2 32. Be5 Bxe5 33. Rxe5 Re8 34. Rexe7 Rxe7 35. Rxe7 a5 36. Ra7 a4 37.
Kh3 Rxf2 38. Rxa4 Kg7 39. Ra7+ Kh6 40. g4 Rf3+ 41. Kg2 Rc3 42. Ra6 Rc5 43. Rb6 1/2-1/2

[Event "Live Chess"]
[Site "Chess.com"]
[Date "2023.05.20"]
[Round "-"]
[White "McSlash1"]
[Black "white59867"]
[Result "1-0"]
[WhiteElo "2079"]
[BlackElo "100"]
[TimeControl "300"]
[EndTime "9:11:41 PDT"]
[Termination "McSlash1 won by checkmate"]

1. e4 e5 2. Nf3 Nf6 3. Nxe5 Nxe4 4. Qe2 Qe7 5. Qxe4 g6 6. Qe2 Bg7 7. d4 d6 8. Nf3 Bf5 9. Qxe7+ Kxe7 10. Na3 Re8 11. Be3 Kf8 12. Be2 c5 13. Nb5 cxd4 14.
Bxd4 Bxd4 15. Nfxd4 h5 16. Nc7 Bg4 17. f3 Nc6 18. Nxa8 Rxa8 19. Nxc6 Re8 20. fxg4 hxg4 21. Kf2 g3+ 22. hxg3 d5 23. Rh8+ Kg7 24. Rxe8 Kh6 25.
Re7 g5 26. Ne5 Kg7 27. Rxf7+ Kh6 28. Bd3 Kh5 29. Rh7# 1-0